AoeStats
← DK_Odysseo

Arena

508452736Analyzed
1v1 RM · 10d ago on Sep 22, 2026· 38m 35s· 2 players
Game mode
Random Map
Map size
Tiny (2 player)
Population
200
Speed
Normal
Resources
Standard
Victory
Conquest
Starting age
Dark Age
Ending age
Imperial Age
RankedLock teamsTeams togetherTeam positionsShared explorationLock speedFull tech treeHidden civsTurbo modeCheats
Victory
Defeat
🇪🇸 Celts · Spain
1883
+15
🇲🇦 Burgundians · Morocco
1861
-15
SUDOX
4:49 Double-Bit Axe
7:15 Loom
9:39 Feudal Age
10:32 Bow Saw
10:14 Horse Collar
19:17 Castle Age
20:56 Wheelbarrow
21:29 Two-Man Saw
35:35 Imperial Age
34:44 Fortified Wall
37:26 Chemistry
37:42 Gold Mining
DK_Odysseo
8:42 Feudal Age
9:18 Double-Bit Axe
9:13 Horse Collar
10:10 Loom
16:25 Castle Age
17:23 Bow Saw
17:15 Heavy Plow
19:08 Fletching
26:28 Sanctity
29:14 Wheelbarrow
29:41 Town Watch
33:05 Imperial Age
30:39 Gold Mining
30:22 Pikeman
31:33 Scale Mail Armor
31:44 Forging
32:54 Chain Mail Armor
32:32 Man-at-Arms
33:17 Long Swordsman
33:17 Halberdier
34:31 Plate Mail Armor
35:40 Hand Cart
35:10 Town Watch
34:52 Capped Ram
36:35 Conscription
35:40 Long Swordsman
36:28 Siege Ram
38:57 Iron Casting
Connection lost

Rejoining the realm…

Still unreachable

The connection could not be restored.

Session expired

The server has moved on; the page needs a fresh start.